 Dungeon Crawl Stone Soup version 0.27-a0-1532-gca18f49f40 (webtiles) character file.

Game seed: 11458430122370095737

865 nyamberluvr69 the Slasher (level 8, -12/58 HPs)
             Began as an Octopode Berserker on July 12, 2021.
             Was a Priest of Trog.
             Mangled by an ogre (25 damage)
             ... on level 5 of the Dungeon.
             The game lasted 00:05:10 (6589 turns).

nyamberluvr69 the Slasher (Octopode Berserker)      Turns: 6589, Time: 00:05:11

Health: -12/58     AC:  1    Str: 17    XL:     8   Next: 3%
Magic:  8/8        EV: 10    Int:  9    God:    Trog [***...]
Gold:   277        SH:  7    Dex: 13    Spells: 7/7 levels left

rFire    . . .     SeeInvis .   a - +0 falchion
rCold    . . .     Faith    .   d - +0 kite shield
rNeg     . . .     Spirit   .   (helmet restricted)
rPois    .         Reflect  .   (no amulet)
rElec    .         Harm     .   (no ring)
rCorr    .         Rampage  .   (no ring)
Will     .....                  (no ring)
Stlth    ++........             (no ring)
HPRegen  0.19/turn              (no ring)
MPRegen  0.11/turn              (no ring)
                                (no ring)
                                (no ring)

@: no status effects
A: almost no armour, amphibious, 8 rings, camouflage 1, gelatinous body 1,
(nimble swimmer 1), tentacles
a: Renounce Religion, Berserk, Trog's Hand


You were on level 5 of the Dungeon.
You worshipped Trog.
Trog was most pleased with you.
You visited 1 branch of the dungeon, and saw 5 of its levels.

You collected 277 gold pieces.

Inventory:

Hand Weapons
 a - a +0 falchion (weapon)
Missiles
 l - a throwing net (quivered)
Armour
 d - a +0 kite shield (worn)
Scrolls
 b - 4 scrolls of teleportation {unknown}
 e - 3 scrolls of identify {unknown}
 g - a scroll of amnesia {unknown}
 h - 2 scrolls of magic mapping {unknown}
 j - a scroll of holy word {unknown}
 m - a scroll of enchant weapon {unknown}
 p - a scroll of enchant armour {unknown}
Potions
 c - a potion of curing {unknown}
 f - a potion of cancellation {unknown}
 i - a potion of might {unknown}
 k - 2 potions of resistance {unknown}
 n - a potion of lignification {unknown}
 o - a potion of attraction {unknown}
 q - a potion of mutation {unknown}


   Skills:
 + Level 6.9 Fighting
 + Level 6.9 Long Blades
 - Level 3.0 Dodging


You had 7 spell levels left.
You didn't know any spells.
Your spell library was empty.

Dungeon Overview and Level Annotations

Branches:
Dungeon (5/15)             Temple (0/1) D:4

Altars:
Ru
Vehumet
Xom
Yredelemnul


Innate Abilities, Weirdness & Mutations

You cannot wear most types of armour.
You are amphibious.
You can wear up to eight rings at the same time.
Your skin changes colour to match your surroundings (Stealth+).
Your rubbery body absorbs attacks. (AC +1, EV +1)
((You are camouflaged near water. (Stealth+)))
You have tentacles for arms and can constrict up to eight enemies at once.


Message History

There is an open door here.
You feel a strong urge to attack something.
You are no longer berserk.
You are exhausted.
You feel yourself slow down.
There is an open door here.
You close the door.
Your skin crawls.
You feel strong-willed.
You feel the effects of Trog's Hand fading.
Your skin stops crawling.
You feel less strong-willed.
The sentinel's mark upon you fades away.
There is a stone staircase leading up here.
You climb upwards.
You feel yourself speed up.
There is a stone staircase leading down here.
You start resting.
You recover from your berserk rage.
You start resting.
HP restored.
You climb downwards.
The ogre barely misses you.
There is a stone staircase leading up here.
Your shield prevents you from hitting the ogre.
You squeeze the ogre, but do no damage.
The ogre hits you with a +0 giant spiked club!
You hit the ogre. You squeeze the ogre!
The ogre is severely wounded.
The ogre hits you with a +0 giant spiked club!!
Ouch! That really hurt!
* * * LOW HITPOINT WARNING * * *
You hit the ogre.
The ogre is severely wounded.
The ogre barely misses you.
You hit the ogre. Your squeeze misses the ogre.
The ogre is almost dead.
The ogre barely misses you.
You barely miss the ogre. You squeeze the ogre, but do no damage.
The ogre is almost dead.
The ogre hits you with a +0 giant spiked club!!
You die...

##......#.....'....#
+.......+.O...#....#
#....(.##..##.#....#
#.....##..#########
####..........#
.........)....#
..####'####..##
..##.....##...########
..##......#.....@....#
..........#......O...#
.........###+#.......#
.........#...........#
.........+...........#
..##.....#...........#
##########...........#
#########'###
#.......'...#


You could see an ogre.

Vanquished Creatures
  A steam dragon (D:5)
  A water moccasin (D:5)
  Duvessa (D:4)
  A scorpion (D:4)
  Dowan (D:4)
  2 hounds (D:5)
  A bullfrog skeleton (D:5)
  A gnoll shaman (D:4)
  An iguana (D:5)
  8 gnolls
  5 adders
  A white imp (D:5)
  An ufetubus (D:5)
  An adder skeleton (D:4)
  An adder zombie (D:5)
  A worm (D:3)
  A dart slug (D:3)
  9 orcs
  8 endoplasms
  5 giant cockroaches
  18 goblins
  5 hobgoblins
  4 jackals (D:4)
  5 quokkas
  9 ball pythons
  6 bats
  5 frilled lizards
  4 kobolds
  6 rats
113 creatures vanquished.

Vanquished Creatures (others)
  11 plants (D:3)
11 creatures vanquished.

Grand Total: 124 creatures vanquished

Notes
Turn   | Place    | Note
-------+----------+-------------------------------------------
     0 | D:1      | nyamberluvr69 the Octopode Berserker began the quest for
                  | the Orb.
     0 | D:1      | Reached XP level 1. HP: 16/16 MP: 1/1
   309 | D:1      | Found a faded altar of an unknown god.
   316 | D:1      | Reached XP level 2. HP: 16/21 MP: 2/2
  1003 | D:1      | Reached ** piety under Trog
  1006 | D:1      | Reached XP level 3. HP: 22/26 MP: 3/3
  1869 | D:2      | Reached XP level 4. HP: 24/33 MP: 4/4
  3428 | D:3      | Reached XP level 5. HP: 38/38 MP: 5/5
  3479 | D:3      | Reached *** piety under Trog
  4257 | D:4      | Found a shimmering altar of Xom.
  4257 | D:4      | Found a radiant altar of Vehumet.
  4257 | D:4      | Found a basalt altar of Yredelemnul.
  4284 | D:4      | Reached skill level 5 in Long Blades
  4285 | D:4      | Reached skill level 5 in Fighting
  4354 | D:4      | Reached XP level 6. HP: 17/45 MP: 6/6
  4874 | D:4      | Found a staircase to the Ecumenical Temple.
  4891 | D:4      | Noticed Dowan
  4897 | D:4      | Noticed Duvessa
  4901 | D:4      | Killed Duvessa
  4902 | D:4      | Killed Dowan
  4903 | D:4      | Reached XP level 7. HP: 22/51 MP: 7/7
  5398 | D:4      | Found a sacrificial altar of Ru.
  5529 | D:5      | Entered Level 5 of the Dungeon
  6413 | D:5      | Noticed a steam dragon
  6422 | D:5      | Killed a steam dragon
  6481 | D:5      | Reached XP level 8. HP: 33/58 MP: 8/8
  6589 | D:5      | Mangled by an ogre

Illustrated notes

Levels and vault maps discovered:
D:1:      psy_arrival_spokes, layout_loops_ring, ebering_ecumenical_altar_webs,
          minmay_misc_feat_room, minmay_tromino_v4_c
D:2:      minmay_chambers_of_twos, layout_basic, minmay_misc_feat_secret_circle
D:3:      layout_loops_ring, serial_bayou, serial_bayou_lake_a,
          serial_bayou_pond_b, serial_bayou_pond_e, serial_bayou_crossing,
          serial_bayou_pond_a, serial_bayou_pond_b, minivault_23
D:4:      layout_loops_ring, nicolae_ru_path_of_blood,
          gammafunk_temple_overflow_forgotten, minmay_temple_entry_large_hall,
          kennysheep_doodads, uniq_duvessa
D:5:      layout_gridville, corexii_corridor_pit

Skill      XL: |  1  2  3  4  5  6  7 |
---------------+----------------------+-----
Fighting       | 4 5 6 |  6.9
Long Blades    | 4 5 6 |  6.9
Dodging        | |  3.0

Action                   |  1- 3 |  4- 6 |  7- 9 || total
-------------------------+-------+-------+-------++-------
Melee: Falchion          |    66 |    98 |    46 ||   210
       Constrict         |    20 |    27 |    10 ||    57
       Tentacles         |    13 |    14 |    17 ||    44
Invok: Berserk           |       |     3 |     4 ||     7
       Trog's Hand       |       |       |     1 ||     1
 Stab: Sleeping          |     8 |     4 |     2 ||    14
Armor: Skin              |     4 |     3 |       ||     7
Dodge: Dodged            |    23 |    27 |    20 ||    70
Block: Kite shield       |    17 |    30 |    13 ||    60
       Rpst.: Falchion   |     7 |     9 |     7 ||    23

Table legend: (Time is in decaauts)
 A = Elapsed time spent in this place.
 B = Non-inter-level travel time spent in this place.
 C = Inter-level travel time spent in this place.
 D = Time resting spent in this place.
 E = Time spent auto-exploring this place.
 F = Levels seen in this place.
 G = Mean time per level.
                   A        B        C        D        E       F      G
               +--------+--------+--------+--------+--------+-----+--------+
         Total |   6726 |   6611 |    115 |   1879 |   4027 |   5 | 1345.2 |
       Dungeon |   6726 |   6611 |    115 |   1879 |   4027 |   5 | 1345.2 |
               +--------+--------+--------+--------+--------+-----+--------+

Top non-repeatable levels by time:
     D:4: 1659 daAuts
     D:3: 1458 daAuts
     D:1: 1417 daAuts
     D:2: 1156 daAuts
     D:5: 1034 daAuts
